Map: Port Aleksander LE

Players

TIME (Oliveira)

  • Race: Terran Terran
  • League: Master
  • Spawn Location: 5:00

MaSa - Winner!

  • Race: Terran Terran
  • League: Master
  • Spawn Location: 11:00

Event: 2019 WCS Winter Americas

VOD

Have the link to the VOD?

Description

Time

  • Played on: April 6, 2019, 2:50 p.m.
  • Length: 5:04

All games in this series

Show
View Real Time Build Order
Export as new Build Order

TIME Terran 

Build Orders:  

Get SALT Encoding   

  12  0:00  SCV  
  13  0:12  SCV  
  14  0:19  Supply Depot  
  14  0:42  Barracks  
  14  0:44  Refinery  
  14  0:49  SCV  
  15  1:01  SCV, Refinery  
  16  1:13  SCV  
  17  1:30  Reaper, Orbital Command  
  18  1:45  Factory  
  18  1:55  SCV  
  19  2:02  Reaper  
  19  2:07  SCV  
  20  2:19  SCV  
  19  2:31  SCV  
  19  2:39  Factory Tech Lab  
  19  2:43  SCV  
  20  2:48  Supply Depot  
  20  2:52  Starport  
  20  2:56  SCV  
  21  3:03  Cyclone  
  22  3:08  SCV  
Show
View Real Time Build Order
Export as new Build Order

MaSa Terran - Winner!

Build Orders:  

Get SALT Encoding   

  12  0:00  SCV  
  13  0:15  Supply Depot  
  13  0:19  SCV  
  14  0:37  Barracks  
  14  0:42  Refinery  
  14  0:53  SCV  
  15  1:01  Barracks  
  15  1:07  SCV  
  16  1:19  Refinery  
  17  1:28  Reaper  
  18  1:35  Bunker  
  17  1:49  Reaper  
  18  2:08  Orbital Command  
  17  2:16  Reaper  
  18  2:34  Reaper  
  19  2:37  SCV  
  20  2:48  Reaper  
  20  2:49  SCV  
  22  2:59  Factory  
  22  3:06  Reaper  
Tags
 
Add a new tag
Caveats
  • Supply blocks, unpowered buildings, or Contaminate may cause inaccurate times.
  • Supply counts are checked every 10 seconds.